 Dungeon Crawl Stone Soup version 0.29-a0-344-ge2f44be95a (webtiles) character file.

Game seed: 3784434183970732808

15 NinjaNoafa the Chopper (level 2, 27/27 HPs)
             Began as a Hill Orc Monk on Apr 21, 2022.
             Quit the game on level 1 of the Dungeon.
             The game lasted 00:00:45 (775 turns).

NinjaNoafa the Chopper (Hill Orc Monk)               Turns: 775, Time: 00:00:45

Health: 27/27      AC:  2    Str: 13    XL:     2   Next: 50%
Magic:  2/2        EV: 12    Int: 10    God:
Gold:   44         SH:  0    Dex: 13    Spells: 1/1 levels left

rFire   . . .      SeeInvis .   a - +1 hand axe
rCold   . . .      Faith    .   (no shield)
rNeg    . . .      Spirit   .   b - +0 robe
rPois   .          Reflect  .   (no helmet)
rElec   .          Harm     .   (no cloak)
rCorr   .          Rampage  .   (no gloves)
Will    .....                   (no boots)
Stlth   ++........              (no amulet)
HPRegen 0.09/turn               (no ring)
MPRegen 0.08/turn               (no ring)

@: no status effects
A: no striking features
a: no special abilities


You were on level 1 of the Dungeon.
You visited 1 branch of the dungeon, and saw 1 of its levels.

You collected 44 gold pieces.

Inventory:

Hand Weapons
 a - a +1 hand axe (weapon)
Missiles
 d - 7 stones (quivered)
Armour
 b - a +0 robe (worn)
Potions
 c - a potion of ambrosia


   Skills:
 + Level 3.9 Fighting
 + Level 4.3 Axes
 + Level 2.6 Dodging
 + Level 1.9 Stealth


You had one spell level left.
You didn't know any spells.
Your spell library was empty.

Dungeon Overview and Level Annotations

Branches:
Dungeon (1/15)

Altars:


Message History

The dart slug is severely wounded.
You hit the dart slug.
You kill the dart slug!
You see here a dart slug corpse.
Things that are here:
a +0 dagger; a stone; a kobold corpse
d - a stone You now have 31 gold pieces (gained 15).
You see here a quokka corpse.
e - a scroll labelled COIFUA CAEKA
d - 2 stones (gained 1)
Things that are here:
a +0 short sword; a kobold skeleton A bat comes into view.
A kobold comes into view. It is wielding a +0 dagger.
The kobold shouts!
The kobold throws a stone.
The stone hits you. The bat misses you.
You hit the bat.
The bat is moderately wounded.
The bat misses you.
The kobold throws a stone.
The stone hits you but does no damage. The bat misses you. The bat hits you.
The bat barely misses you.
You closely miss the kobold. You hit the bat.
You kill the bat!
The kobold hits you with a +0 dagger.
You closely miss the kobold. The kobold hits you with a +0 dagger.
You completely miss the kobold. The kobold hits you with a +0 dagger.
You hit the kobold.
You kill the kobold!
d - 7 stones (gained 5)
You see here a +0 dagger.
You see here a +0 dagger.
You now have 44 gold pieces (gained 13).
A frilled lizard comes into view.
Okay, then.
As you read the scroll labelled COIFUA CAEKA, it crumbles to dust.
It is a scroll of enchant weapon.
Your +0 hand axe glows red for a moment.
Are you sure you want to abandon this character and quit the game? (Confirm with "yes".)

####.........###...######
##.....###.### #...#
#.#.#.###.# #...#
##.#^...##.# #...#
........##.## #...#
##.#...รท)...# #...#
##..........# #...######.#
........###.#####.........#
#####.##........@.###.###.#
# #.# .##.#.....# .. . ..#
.# #.##$.# ## # ##.. .. #
##... .# #.... ####l# ..
.##


You could see a frilled lizard (asleep).

Vanquished Creatures
  A dart slug (D:1)
  A goblin (D:1)
  A hobgoblin (D:1)
  3 kobolds (D:1)
  2 quokkas (D:1)
  2 bats (D:1)
  A frilled lizard (D:1)
11 creatures vanquished.

Notes
Turn   | Place    | Note
-------+----------+-------------------------------------------
     0 | D:1      | NinjaNoafa the Hill Orc Monk began the quest for the Orb.
     0 | D:1      | Reached XP level 1. HP: 19/19 MP: 1/1
   250 | D:1      | Reached XP level 2. HP: 16/27 MP: 2/2
   775 | D:1      | Quit the game

Illustrated notes

Levels and vault maps discovered:
D:1:      dpeg_arrival_fog, layout_loops_cross

Action                   || total
-------------------------++-------
Melee: Hand axe          ||    35
  Use: Scroll            ||     1
Armor: Robe              ||     6
Dodge: Dodged            ||    25

Table legend: (Time is in decaauts)
 A = Elapsed time spent in this place.
 B = Non-inter-level travel time spent in this place.
 C = Inter-level travel time spent in this place.
 D = Time resting spent in this place.
 E = Time spent auto-exploring this place.
 F = Levels seen in this place.
 G = Mean time per level.
                   A        B        C        D        E       F      G
               +--------+--------+--------+--------+--------+-----+--------+
         Total |    778 |    778 |      0 |      0 |    700 |   1 |  778.0 |
       Dungeon |    778 |    778 |      0 |      0 |    700 |   1 |  778.0 |
               +--------+--------+--------+--------+--------+-----+--------+

Top non-repeatable levels by time:
     D:1: 778 daAuts
